 Dungeon Crawl Stone Soup version 0.25-a0-860-gf695395 (webtiles) character file.

Game seed: 2400734528297714836, levelgen mode: deterministic

115808 2tousent the Black Belt (level 16, -1/144 HPs)
             Began as a Yellow Draconian Transmuter on Apr 18, 2020.
             Was the Champion of Ru.
             Slain by a merfolk
             ... wielding a +2 trident of venom
              (16 damage)
             ... on level 2 of the Shoals on Apr 27, 2020.
             The game lasted 02:02:14 (32501 turns).

2tousent the Black Belt (DrTm)                     Turns: 32501, Time: 02:02:16

Health: -1/144     AC: 10    Str: 14    XL:     16   Next: 19%
Magic:  5/23       EV: 21    Int: 14    God:    Ru [******]
Gold:   2675       SH:  0    Dex: 17    Spells: 4/25 levels left

rFire    . . .     SeeInvis +     - Unarmed
rCold    x . .     Gourm    .   (no shield)
rNeg     . . .     Faith    .   (armour unavailable)
rPois    +         Spirit   .   V - +1 hat {SInv}
rElec    +         Reflect  .   H - +1 cloak
rCorr    +         Harm     .   W - +1 pair of gloves of Pocaefi {rElec MR+}
MR       ++...                  L - +0 pair of boots
Stlth    ++........             N - amulet of magic regeneration
HPRegen  0.34/turn              C - ring of poison resistance
MPRegen  0.43/turn              z - ring of protection from fire

@: lethally poisoned (-1 -> -1), very slightly contaminated
A: spit acid, unfitting armour, acidic bite, cold-blooded, reduced AC 1,
inexperienced 1, missing an eye, temperature sensitive, acid resistance, AC +9
a: Breathe Acid, Draw Out Power, Power Leap, Apocalypse, Renounce Religion


You were on level 2 of the Shoals.
You worshipped Ru.
Ru was exalted by your worship.
You were not hungry.

You visited 4 branches of the dungeon, and saw 24 of its levels.

You collected 3370 gold pieces.
You spent 695 gold pieces at shops.

Inventory:

Missiles
 a - 558 arrows (quivered)
Armour
 u - a +0 pair of gloves
 H - a +1 cloak (worn)
 L - a +0 pair of boots (worn)
 V - a +1 hat of see invisible (worn)
 W - the +1 pair of gloves of Pocaefi (worn) {rElec MR+}
   (You bought it in a shop on level 1 of the Orcish Mines)

   It insulates you from electricity.
   It affects your resistance to hostile enchantments.
Jewellery
 b - an uncursed ring of stealth
 d - a +1 ring of evasion
 k - an uncursed ring of ice
 z - a ring of protection from fire (right hand)
 C - a ring of poison resistance (left hand)
 F - an uncursed ring of resist corrosion
 M - an uncursed ring of see invisible
 N - an amulet of magic regeneration (around neck)
 O - an uncursed amulet of faith
 T - an uncursed amulet of harm
 U - an uncursed amulet of inaccuracy
Wands
 g - a wand of polymorph (11)
 i - a wand of iceblast (21)
 o - a wand of digging (4)
 q - a wand of paralysis (13)
 y - a wand of flame (45)
 G - a wand of random effects (20)
 S - a wand of disintegration (12)
Scrolls
 f - 12 scrolls of remove curse
 h - 5 scrolls of enchant armour
 j - 7 scrolls of identify
 m - a scroll of silence
 p - 7 scrolls of enchant weapon
 r - 4 scrolls of fog
 w - 9 scrolls of teleportation
 A - 3 scrolls of magic mapping
 D - 4 scrolls of amnesia
 Q - a scroll of noise
Potions
 e - a potion of berserk rage
 l - 4 potions of curing
 n - 3 potions of lignification
 s - 2 potions of stabbing
 t - 2 potions of might
 v - 3 potions of degeneration
 x - 4 potions of haste
 E - 6 potions of flight
 I - 2 potions of cancellation
 K - 4 potions of mutation
 P - a potion of magic
 R - 3 potions of resistance
Miscellaneous
 J - a phial of floods
Comestibles
 c - 29 rations


   Skills:
 + Level 13.3 Fighting
 + Level 11.5 Dodging
 * Level 16.8 Unarmed Combat
 - Level 5.0 Spellcasting
 - Level 14.2 Transmutations
 - Level 3.0 Fire Magic
 - Level 3.0 Ice Magic
 + Level 5.1 Poison Magic


You had 4 spell levels left.
You knew the following spells:

 Your Spells              Type           Power        Failure   Level  Hunger
a - Blade Hands           Tmut           #####.....   1%          5    ######.
b - Spider Form           Tmut/Pois      ####......   1%          3    ###....
c - Sticks to Snakes      Tmut           #####...     1%          2    ##.....
d - Olgreb's Toxic Radia  Pois           ###.....     22%         4    ####...
e - Ice Form              Ice/Tmut       ####....     4%          4    ####...
f - Ignite Poison         Fire/Tmut/Pois ###.....     2%          3    ###....

Your spell library contained the following spells:

 Spells                   Type           Power        Failure   Level  Hunger
 Beastly Appendage        Tmut           #####.       1%          1    None
 Sting                    Tmut/Pois      ####         1%          1    None
 Poisonous Vapours        Pois/Air       ##....       10%         2    ##.....
 Petrify                  Tmut/Erth      ###.....     10%         4    ####...
 Animate Skeleton         Necr           N/A          17%         1    None
 Apportation              Tloc           #.....       17%         1    None
 Corona                   Hex            #......      17%         1    None
 Magic Dart               Conj           #...         17%         1    None
 Summon Small Mammal      Summ           #...         17%         1    None
 Blink                    Tloc           N/A          26%         2    ##.....
 Call Imp                 Summ           #.......     26%         2    ##.....
 Slow                     Hex            #.......     26%         2    ##.....
 Mephitic Cloud           Conj/Pois/Air  #.......     26%         3    ###....
 Conjure Flame            Conj/Fire      #.......     28%         3    ###....
 Confusing Touch          Hex            #.......     45%         3    ###....
 Gell's Gravitas          Tloc           #.........   45%         3    ###....
 Yara's Violent Unravell  Hex/Tmut       ###.......   26%         5    ######.
 Metabolic Englaciation   Hex/Ice        #.........   95%         5    ######.
 Freezing Cloud           Conj/Ice/Air   #.........   100%        6    #######
 Ring of Flames           Chrm/Fire      #.........   100%        7    #######


Dungeon Overview and Level Annotations

Branches:
Dungeon (14/15)            Temple (0/1) D:5            Lair (6/6) D:8
 Shoals (2/4) Lair:2       Spider (0/4) Lair:4        Slime (0/5) Lair:5
    Orc (2/2) D:9             Elf (0/3) Orc:2        Vaults (0/5) D:14

Altars:
Gozag
Ru
Sif Muna

Shops:
D:4 *   D:5 [   D:7 %=!   Orc:1 ([   Orc:2 ((!(

Annotations:
D:3 3 runed translucent doors, Demigod's ghost, amateur DgSk
Lair:3 1 runed translucent door, exclusion: 2 oklob plants, Guez's ghost, journeyman DgIE
Lair:6 1 runed translucent door, Tenaya's ghost, journeyman TeSu


Innate Abilities, Weirdness & Mutations

You can spit globs of acid.
Your golden yellow scales are hard. (AC +9)
You cannot fit into any form of body armour.
You have acidic saliva.
You are cold-blooded and may be slowed by cold attacks.
You take slightly more damage. (AC -5)
You are somewhat inexperienced. (-2 XL)
You are missing an eye, making it more difficult to aim.
You are sensitive to extremes of temperature. (rF-, rC-)
You are resistant to acid. (rCorr)


Message History

Your transformation has ended.
Your +1 cloak unmelds from your body.
Your +1 hat of see invisible unmelds from your body.
The +1 pair of gloves of Pocaefi {rElec MR+} unmelds from your body.
Your +0 pair of boots unmelds from your body.
You feel perceptive.
The centaur wields a +0 shortbow.
The centaur shoots an arrow.
The arrow hits you!
* * * LOW HITPOINT WARNING * * *
You focus your will and paralyse the centaur in retribution!
The merfolk closely misses you.
You see here an arrow.
You feel sick.
Casting: Ignite Poison (mildly dangerous; 2% risk of failure)
Confirm with . or Enter, or press ? or * to list all spells.
You miscast Olgreb's Toxic Radiance.
You feel rather nauseous for a moment. You resist.
* * * LOW HITPOINT WARNING * * *
The merfolk misses you.
The merfolk hits you from afar with a +2 trident of venom!
You die...

..##...≈≈≈≈≈≈≈≈≈≈≈≈≈≈≈..
.###....≈≈≈≈≈≈≈≈≈≈≈≈...
.......≈≈≈≈≈≈≈≈≈≈≈≈≈.. ##
......≈≈≈≈≈≈≈≈≈≈≈≈≈≈.##.c≈
≈≈.≈≈≈≈≈≈≈≈≈≈≈≈≈≈≈m≈≈≈..≈≈
≈≈≈≈≈≈≈≈≈≈≈≈≈≈≈≈≈≈≈≈§≈§≈≈≈
.≈≈≈≈≈≈≈≈≈≈≈≈≈≈≈≈mm≈≈≈≈≈≈≈
#.≈≈≈≈≈≈≈≈≈≈≈≈≈≈≈(#†...≈≈≈
..≈≈≈≈≈≈≈≈≈≈≈≈≈≈@####.......≈≈≈≈≈
.≈≈≈≈≈≈≈≈≈≈≈≈≈≈≈## ###...≈≈≈≈≈
≈≈≈≈≈≈≈≈≈≈≈≈≈≈≈≈.### #..≈≈≈≈≈
≈≈≈≈≈≈≈≈≈≈≈≈≈≈≈≈≈..# #.≈≈≈≈≈≈
≈≈≈≈≈≈≈≈≈≈≈≈≈≈≈≈≈≈....####.≈≈≈≈≈≈
≈≈≈≈≈≈.P>≈≈)≈≈≈≈≈≈≈≈≈...?..≈≈≈≈≈≈
≈P.≈≈P###.≈≈≈≈≈≈≈≈≈≈≈≈≈...≈≈≈≈≈≈P
P≈.....##.≈≈≈≈≈≈≈≈≈≈≈≈≈≈≈≈≈≈≈≈≈..
≈P.........≈.>≈≈≈≈≈≈≈≈≈≈≈≈≈≈≈≈≈.#


You could see a merfolk impaler (paralysed) and 2 merfolk.

Vanquished Creatures
  Nikola (Shoals:2)
  Gastronok (D:12)
  Ilsuiw (Shoals:2)
  2 orc warlords (Orc:1)
  2 dire elephants (Lair:6)
  Snorg (Lair:5)
  A merfolk impaler (Shoals:1)
  Erolcha (D:13)
  3 ogre magi
  Josephine (D:12)
  3 vault guards (D:14)
  A merfolk avatar (Shoals:1)
  5 hydras
  4 catoblepae
  Erica (D:10)
  A centaur warrior (D:13)
  7 two-headed ogres
  2 alligators (Lair:6)
  4 merfolk aquamancers (Shoals:1)
  A queen ant (D:8)
  6 death yaks (Lair:6)
  3 tengu warriors
  4 orc high priests
  Sonja (D:12)
  A deep elf knight (Orc:1)
  4 skeletal warriors (D:14)
  10 sea snakes
  4 unseen horrors
  5 deep elf magi
  7 orc knights
  6 orc sorcerers
  5 ugly things
  2 cyclopes
  3 centaur zombies
  6 elephants (Lair:3)
  4 black mambas
  A guardian serpent (D:10)
  6 manticores
  8 merfolk sirens
  Maurice (D:9)
  2 water nymphs (Shoals:2)
  6 spiny frogs
  3 gargoyles
  6 komodo dragons
  A redback zombie (D:13)
  A rime drake (Lair:4)
  A yaktaur (D:14)
  A wind drake (Shoals:1)
  11 merfolk
  6 trolls
  A polar bear (Lair:6)
  2 snapping turtles
  A hornet (D:13)
  3 dream sheep
  11 hippogriffs
  3 shadows
  11 blink frogs
  4 wraiths
  2 wyverns
  5 water elementals (Shoals:1)
  2 redbacks (Lair:4)
  2 hungry ghosts
  64 yaks
  A steam dragon (D:6)
  2 basilisks (Lair:3)
  7 vampire mosquitoes
  5 wargs
  8 water moccasins
  20 soldier ants (D:8)
  An acid dragon (D:12)
  An ice beast (D:6)
  7 porcupines
  4 black bears
  4 sky beasts
  23 orc warriors
  2 necrophages
  10 ogres
  2 phantoms
  5 wolves (Lair:2)
  10 centaurs
  12 crocodiles
  7 big kobolds
  18 bullfrogs
  A water moccasin zombie (D:8)
  5 scorpions
  10 killer bees
  A howler monkey (D:6)
  2 electric eels (Lair:4)
  7 crimson imps
  3 bullfrog zombies
  3 jellies
  2 bullfrog skeletons
  7 hounds
  19 orc priests
  18 orc wizards
  7 centaur skeletons
  Ijyb (D:3)
  Jessica (D:3)
  6 iguanas
  27 worker ants
  3 hound zombies
  A hound skeleton (D:5)
  A howler monkey zombie (D:8)
  2 worker ant zombies
  7 gnolls
  12 adders
  3 shadow imps
  12 white imps (D:11)
  An adder zombie (D:3)
  3 worms
  11 dart slugs
  4 leopard geckos
  54 orcs
  A ball python (D:3)
  2 giant cockroaches
  9 goblins
  3 hobgoblins
  9 jackals
  34 kobolds
  7 quokkas
  4 bats
  3 frilled lizards
  A quokka skeleton (D:5)
  6 rats
  A fungus (Lair:6)
  2 plants (Lair:6)
744 creatures vanquished.

Vanquished Creatures (collateral kills)
  A quokka (D:2)
  A rat (D:2)
2 creatures vanquished.

Vanquished Creatures (others)
  A merfolk javelineer (Shoals:2)
  An orc knight (Orc:1)
  A cyclops (D:11)
  2 merfolk sirens
  A water nymph (Shoals:1)
  A merfolk (Shoals:1)
  A yak (D:12)
  2 porcupines
  An ogre (Orc:1)
  A crocodile (Lair:1)
  A bullfrog (D:11)
  2 orcs
  4 fungi
  32 plants
51 creatures vanquished.

Grand Total: 797 creatures vanquished

Notes
Turn   | Place    | Note
-------+----------+-------------------------------------------
     0 | D:1      | 2tousent the Draconian Transmuter began the quest for the
                  | Orb.
     0 | D:1      | Reached XP level 1. HP: 16/16 MP: 3/3
   188 | D:1      | Reached XP level 2. HP: 23/23 MP: 5/5
   721 | D:1      | Learned a level 2 spell: Sticks to Snakes
   817 | D:2      | Reached XP level 3. HP: 14/28 MP: 2/6
   826 | D:2      | Learned a level 3 spell: Spider Form
  1481 | D:3      | Noticed Jessica
  1487 | D:3      | Killed Jessica
  1487 | D:3      | Reached XP level 4. HP: 31/36 MP: 7/7
  1686 | D:3      | Reached skill level 4 in Unarmed Combat
  1686 | D:3      | Reached skill level 1 in Poison Magic
  1686 | D:3      | Reached XP level 5. HP: 3/41 MP: 2/8
  2023 | D:3      | Noticed Ijyb
  2025 | D:3      | Found a runed translucent gate.
  2025 | D:3      | Found a runed translucent gate.
  2025 | D:3      | Found a runed translucent gate.
  2036 | D:3      | Killed Ijyb
  2042 | D:3      | Noticed Demigod's ghost (amateur DgSk)
  2221 | D:3      | Found a sacrificial altar of Ru.
  2249 | D:3      | Became a worshipper of Ru the Awakened
  2497 | D:4      | Reached XP level 6. HP: 34/50 MP: 6/9
  2970 | D:4      | Found Gozag's Platinum Reserve.
  3046 | D:4      | Found an opulent altar of Gozag.
  3490 | D:4      | Your scales start taking on a golden yellow colour.
  3490 | D:4      | Reached XP level 7. HP: 57/57 MP: 6/10
  3490 | D:4      | Gained mutation: You are resistant to acid. (rCorr) [Yellow
                  | Draconian growth]
  3593 | D:5      | Entered Level 5 of the Dungeon
  3612 | D:5      | Reached skill level 5 in Unarmed Combat
  3905 | D:5      | Gained mutation: You are somewhat inexperienced. (-2 XL)
                  | [Ru sacrifice]
  3905 | D:5      | Reached XP level 6. HP: 51/51 MP: 9/9
  3905 | D:5      | Reached XP level 5. HP: 45/45 MP: 8/8
  3905 | D:5      | Reached * piety under Ru
  3905 | D:5      | Reached ** piety under Ru
  3978 | D:5      | Found a staircase to the Ecumenical Temple.
  4044 | D:5      | Found Nub Mafe's Armour Shop.
  4062 | D:5      | Bought a +0 pair of gloves for 45 gold pieces
  4279 | D:5      | Noticed a centaur
  4299 | D:5      | Killed a centaur
  4299 | D:5      | Reached skill level 5 in Transmutations
  4299 | D:5      | Reached XP level 6. HP: 51/51 MP: 5/9
  4562 | D:6      | Noticed a steam dragon
  4578 | D:6      | Killed a steam dragon
  4578 | D:6      | Reached XP level 7. HP: 16/58 MP: 7/10
  4594 | D:6      | Reached skill level 6 in Unarmed Combat
  4933 | D:6      | Reached XP level 8. HP: 32/67 MP: 7/11
  5799 | D:7      | Reached skill level 7 in Unarmed Combat
  5861 | D:7      | Reached skill level 5 in Fighting
  5864 | D:7      | Gained mutation: You are sensitive to extremes of
                  | temperature. (rF-, rC-) [Ru sacrifice]
  5864 | D:7      | Reached *** piety under Ru
  5864 | D:7      | Reached **** piety under Ru
  5864 | D:7      | Reached ***** piety under Ru
  6723 | D:7      | Found Sontef's Food Emporium.
  6779 | D:7      | Reached XP level 9. HP: 64/74 MP: 12/12
  6852 | D:7      | Found Ycaosogg's Distillery.
  6860 | D:7      | Bought a potion of heal wounds for 70 gold pieces
  6860 | D:7      | Bought a potion of curing for 42 gold pieces
  6911 | D:7      | Found Apaweuj's Jewellery Shop.
  7171 | D:7      | Learned a level 5 spell: Blade Hands
  7594 | D:8      | Reached skill level 8 in Unarmed Combat
  7600 | D:8      | Reached skill level 5 in Dodging
  7768 | D:8      | Reached skill level 9 in Unarmed Combat
  7768 | D:8      | Reached XP level 10. HP: 19/84 MP: 8/13
  8092 | D:8      | Noticed a queen ant
  8099 | D:8      | Killed a queen ant
  8422 | D:8      | Reached skill level 10 in Unarmed Combat
  8452 | D:8      | Noticed a three-headed hydra
  8458 | D:8      | HP: 1/129 [three-headed hydra (9)]
  8459 | D:8      | Killed a three-headed hydra
  8459 | D:8      | Reached skill level 10 in Transmutations
  8816 | D:8      | Reached XP level 11. HP: 92/92 MP: 9/14
  8849 | D:8      | Gained mutation: You are missing an eye, making it more
                  | difficult to aim. [Ru sacrifice]
  8874 | D:8      | Found a staircase to the Lair.
  9276 | D:9      | You fall into a shaft and drop 2 floors!
  9276 | D:11     | Noticed a purple ugly thing
  9291 | D:11     | Killed a purple ugly thing
  9316 | D:11     | Identified a scroll of acquirement
  9415 | D:11     | Noticed a deep elf mage
  9421 | D:11     | Identified the +6 long sword of Zoganaoh {vorpal, Str+5}
  9421 | D:11     | Noticed a tengu warrior
  9434 | D:11     | Killed a tengu warrior
  9448 | D:11     | Killed a deep elf mage
  9448 | D:11     | Reached skill level 11 in Unarmed Combat
  9551 | D:10     | Entered Level 10 of the Dungeon
  9905 | D:10     | Gained mutation: You take slightly more damage. (AC -5) [Ru
                  | sacrifice]
  9905 | D:10     | Reached ****** piety under Ru
 10627 | D:10     | Noticed Erica
 10641 | D:10     | Killed Erica
 10874 | D:11     | Noticed a two-headed ogre
 10881 | D:11     | Killed a two-headed ogre
 10958 | D:11     | Reached XP level 12. HP: 48/103 MP: 5/15
 12044 | D:9      | Found a shimmering blue altar of Sif Muna.
 12079 | D:9      | Found a staircase to the Orcish Mines.
 12189 | D:9      | Reached skill level 12 in Unarmed Combat
 12478 | D:9      | Noticed a two-headed ogre
 12486 | D:9      | Killed a two-headed ogre
 12495 | D:9      | Noticed Maurice
 12508 | D:9      | Killed Maurice
 13045 | Lair:1   | Entered Level 1 of the Lair of Beasts
 13055 | Lair:1   | Learned a level 4 spell: Ice Form
 13193 | Lair:1   | Noticed a six-headed hydra
 13345 | Lair:1   | Killed a six-headed hydra
 13756 | Lair:1   | Reached skill level 1 in Ice Magic
 14308 | Lair:2   | Found a staircase to the Shoals.
 15035 | Lair:2   | You fall into a shaft and drop 1 floor!
 15035 | Lair:3   | Found a runed translucent door.
 15037 | Lair:3   | Noticed Guez's ghost (journeyman DgIE)
 15037 | Lair:3   | Identified the +9 trident of Ugufovigh {vorpal, rPois rC+
                  | Int+4}
 15221 | Lair:3   | Reached XP level 13. HP: 66/113 MP: 16/16
 16320 | Lair:3   | Reached skill level 10 in Fighting
 16444 | Lair:3   | Reached skill level 13 in Unarmed Combat
 17022 | Lair:4   | Found a hole to the Spider Nest.
 18345 | Lair:5   | Noticed Snorg
 18357 | Lair:5   | Killed Snorg
 18820 | Lair:5   | Found a staircase to the Slime Pits.
 19082 | Lair:6   | Entered Level 6 of the Lair of Beasts
 19907 | Lair:6   | Found a runed translucent door.
 19907 | Lair:6   | Noticed a dire elephant
 19907 | Lair:6   | Noticed Tenaya's ghost (journeyman TeSu)
 20463 | Lair:6   | Noticed a dire elephant
 20463 | Lair:6   | Noticed a dire elephant
 20471 | Lair:6   | Killed a dire elephant
 20472 | Lair:6   | Killed a dire elephant
 20477 | Lair:6   | Reached skill level 14 in Unarmed Combat
 20477 | Lair:6   | Gained mutation: You have acidic saliva. [Yellow Draconian
                  | growth]
 20477 | Lair:6   | Reached XP level 14. HP: 66/122 MP: 3/17
 22350 | D:12     | HP: 5/124 [vampire mosquito (13)]
 23008 | D:12     | Noticed Josephine
 23013 | D:12     | Killed Josephine
 23175 | D:12     | Noticed Sonja
 23179 | D:12     | Killed Sonja
 23179 | D:12     | Reached skill level 10 in Dodging
 23259 | D:12     | Noticed Gastronok
 23270 | D:12     | Killed Gastronok
 23576 | D:13     | Reached skill level 15 in Unarmed Combat
 23951 | D:13     | Noticed Erolcha
 23960 | D:13     | Killed Erolcha
 25054 | D:14     | Reached XP level 15. HP: 44/133 MP: 18/18
 25396 | D:14     | Found a gate to the Vaults.
 26489 | D:14     | Upgraded the game from 0.25-a0-802-g0be837a to
                  | 0.25-a0-860-gf695395
 26737 | Orc:1    | Entered Level 1 of the Orcish Mines
 26737 | Orc:1    | Found Umof's Weapon Emporium.
 26739 | Orc:1    | Found Vybry's Antique Armour Shop.
 26790 | Orc:1    | HP: 1/134 [ogre/+0 giant spiked club (19)]
 27248 | Orc:1    | Reached skill level 16 in Unarmed Combat
 27295 | Orc:1    | HP: 3/134 [orc warrior/+0 glaive (34)]
 27599 | Orc:1    | Paralysed by an orc sorcerer for 2 turns
 27938 | Orc:1    | Identified the cursed +2 scimitar of the Shark {venom,
                  | Dex+4}
 27938 | Orc:1    | Paralysed by an orc sorcerer for 3 turns
 27941 | Orc:1    | Noticed an orc warlord
 27943 | Orc:1    | Noticed an orc warlord
 27951 | Orc:1    | Killed an orc warlord
 27954 | Orc:1    | Killed an orc warlord
 28231 | Orc:2    | Entered Level 2 of the Orcish Mines
 28231 | Orc:2    | Found a staircase to the Elven Halls.
 28805 | Orc:2    | Found Tumo's Weapon Shoppe.
 29104 | Orc:2    | Found Teiteex's Antique Weapon Shoppe.
 29114 | Orc:2    | Found Ecohigru's Distillery.
 29297 | Orc:2    | Found Buwufete's Antique Weapon Boutique.
 29334 | Orc:2    | Bought a potion of haste for 180 gold pieces
 29334 | Orc:2    | Bought a potion of lignification for 54 gold pieces
 29414 | Orc:1    | Bought a pair of distressingly furry gloves for 304 gold
                  | pieces
 29424 | Orc:1    | Identified the +1 pair of gloves of Pocaefi {rElec MR+}
                  | (You bought it in a shop on level 1 of the Orcish Mines)
 29531 | Shoals:1 | Entered Level 1 of the Shoals
 29576 | Shoals:1 | Learned a level 4 spell: Olgreb's Toxic Radiance
 29580 | Shoals:1 | Learned a level 3 spell: Ignite Poison
 29688 | Shoals:1 | Reached skill level 1 in Fire Magic
 31324 | Shoals:2 | Noticed Nikola
 31336 | Shoals:2 | Killed Nikola
 31336 | Shoals:2 | Reached XP level 16. HP: 44/143 MP: 19/23
 31472 | Shoals:2 | Reached skill level 5 in Spellcasting
 31970 | Shoals:2 | Noticed Ilsuiw
 31984 | Shoals:2 | Killed Ilsuiw
 31984 | Shoals:2 | Reached skill level 5 in Poison Magic
 32501 | Shoals:2 | Slain by a merfolk

Levels and vault maps discovered:
D:1:      matt_arrival_diagonals, layout_loops_ring
D:2:      layout_basic, minmay_hedge_maze
D:3:      kennysheep_slugbush, layout_basic, gammafunk_ghost_split,
          serial_bayou_pond_a, nicolae_ru_path_of_blood, uniq_ijyb, uniq_jessica
D:4:      layout_rooms, first_ration, kennysheep_cross_room,
          columned_hall_lemuel, nicolae_gozag_zags_fifth_avenue
D:5:      layout_gridville, minmay_temple_entry_mini_moons, serial_shops,
          nicolae_shop_crystal
D:6:      layout_cave_pods, grunt_decor_mini_mirrors
D:7:      layout_layer_cave, serial_shops, shop, shop, kennysheep_mini
D:8:      layout_basic, grunt_lair_entry_orc_guard_hut, hangedman_ranch
          [blue_anna_fruit_fields], minivault_29
D:9:      layout_stronghold, lemuel_crystal_altar, orc_0_dummy,
          guppyfry_early_elven_hall, uniq_maurice
D:10:     cheibrodos_elevator_heist, layout_irregular_city,
          nrook_guardian_serpent_double, uniq_erica
D:11:     layout_small_grid, portal_ice_cave_entry_imps, minmay_pinched_square
D:12:     layout_loops_cross, minmay_quadrilaterals, uniq_josephine, uniq_sonja,
          uniq_gastronok
D:13:     layout_long_grid, uniq_erolcha
D:14:     layout_cave_pods, grunt_vaults_entry_fortified,
          minmay_misc_feat_secret_circle
Lair:1:   layout_hall_layers
Lair:2:   layout_gridlike, elwin_shoals_entry_stream
Lair:3:   layout_layer_cave, ebering_ghost_funeral_grove, st_stairs_12,
          grunt_megastairs_5, minmay_lair_oklob_chamber, lemuel_fruit_fields
Lair:4:   layout_roguey, spider_nest_entry_webs,
          lightli_volcano_entry_magma_tube, serial_bayou_lagoon_b
Lair:5:   layout_roguey, slime_dummy, uniq_snorg
Lair:6:   evilmike_catoblepas_cave, layout_misc_corridors,
          ebering_ghost_inner_flame, minmay_shattered_shrine
Shoals:1: cheibrodos_shoals_three_sisters, layout_shoals
Shoals:2: layout_shoals, nicolae_shoals_drake_roost, uniq_ilsuiw, uniq_nikola,
          uniq_jorgrun
Orc:1:    layout_caves, serial_shops, shop, shop, elf_legates
Orc:2:    st_orc_elflike, layout_diamond_mine

Skill      XL: |  1  2  3  4  5  6  7  8  9 10 11 12 13 14 15 16 |
---------------+-------------------------------------------------+-----
Dodging        | 2 3 4 5 6 7 8 9 10 11 | 11.5
Transmutations | 3 5 6 7 8 10 11 12 13 14 | 14.2
Fighting       | 2 3 4 5 6 7 8 9 10 12 13 | 13.3
Unarmed Combat | 4 6 7 9 10 11 12 14 15 16 | 16.8
Poison Magic   | 1 3 4 5 |  5.1
Ice Magic      | 2 3 |  3.0
Spellcasting   | 4 5 |  5.0
Fire Magic     | 2 3 |  3.0

Action                   |  1- 3 |  4- 6 |  7- 9 | 10-12 | 13-15 | 16-18 || total
-------------------------+-------+-------+-------+-------+-------+-------++-------
Melee: Unarmed           |   127 |   212 |   278 |   589 |  1080 |    53 ||  2339
       Tailslap          |    12 |    14 |    20 |    68 |   108 |       ||   222
       Kick              |     2 |     3 |       |       |       |       ||     5
       Punch             |       |     3 |     5 |    20 |    60 |     1 ||    89
       Headbutt          |       |     2 |       |       |       |       ||     2
       Bite              |       |       |       |       |    71 |     1 ||    72
 Cast: Beastly Appendage |     3 |     2 |       |       |       |       ||     5
       Sticks to Snakes  |     3 |     1 |       |       |     2 |       ||     6
       Spider Form       |     1 |    12 |    11 |       |    12 |     7 ||    43
       Blade Hands       |       |       |     5 |    55 |   104 |     1 ||   165
       Ice Form          |       |       |       |     1 |     2 |       ||     3
       Ignite Poison     |       |       |       |       |    10 |    12 ||    22
       Olgreb's Toxic Ra |       |       |       |       |     1 |     9 ||    10
Invok: Sacrifice Experie |       |     1 |       |       |       |       ||     1
       Draw Out Power    |       |       |     2 |     5 |    11 |     2 ||    20
       Sacrifice Resista |       |       |     1 |       |       |       ||     1
       Power Leap        |       |       |       |     2 |     5 |       ||     7
       Sacrifice Health  |       |       |       |     1 |       |       ||     1
       Sacrifice an Eye  |       |       |       |     1 |       |       ||     1
       Apocalypse        |       |       |       |       |    10 |       ||    10
 Abil: Breathe Acid      |       |     1 |    11 |    10 |    18 |     1 ||    41
Evoke: Wand              |       |       |       |     1 |     1 |       ||     2
  Use: Scroll            |     3 |     7 |     5 |    10 |     7 |       ||    32
       Potion            |       |     3 |     6 |     1 |     4 |     6 ||    20
 Stab: Sleeping          |     1 |     4 |       |     4 |     1 |       ||    10
       Distracted        |       |       |     2 |     5 |     5 |     1 ||    13
       Invisible         |       |       |       |     7 |     5 |     4 ||    16
       Confused          |       |       |       |     1 |       |       ||     1
       Paralysed         |       |       |       |    11 |    36 |       ||    47
       Petrified         |       |       |       |       |     1 |       ||     1
  Eat: Chunk             |     2 |    10 |    18 |    42 |    62 |     3 ||   137
       Ration            |       |       |     1 |     2 |    10 |     2 ||    15
Armor: Skin              |    30 |    32 |   146 |    47 |   109 |     9 ||   373
Dodge: Dodged            |    78 |   166 |   208 |   383 |   837 |    81 ||  1753

Table legend:
 A = Non-vault XP
 B = Vault XP
 C = Vault XP percentage of total XP
 D = Non-vault monster count
 E = Vault monster count
 F = Vault count percentage of total count
                 A         B        C        D         E       F
            +---------+---------+-------+---------+---------+-------
      Total |   84338 |   81781 |  49.2 |     531 |     224 |  29.7
            +---------+---------+-------+---------+---------+-------
        D:1 |      27 |       0 |   0.0 |      16 |       0 |   0.0
        D:2 |      61 |       0 |   0.0 |      20 |       0 |   0.0
        D:3 |     138 |     111 |  44.6 |      21 |      11 |  34.4
        D:4 |     415 |       0 |   0.0 |      18 |       0 |   0.0
        D:5 |     469 |       0 |   0.0 |      18 |       0 |   0.0
        D:6 |    1134 |       0 |   0.0 |      13 |       0 |   0.0
        D:7 |    1371 |       0 |   0.0 |      31 |       0 |   0.0
        D:8 |    1064 |    7282 |  87.3 |      26 |      53 |  67.1
        D:9 |    3008 |    1120 |  27.1 |      21 |       3 |  12.5
       D:10 |    2394 |    2367 |  49.7 |      22 |       7 |  24.1
       D:11 |    5627 |    3422 |  37.8 |      30 |      27 |  47.4
       D:12 |    6361 |    5069 |  44.3 |      40 |      11 |  21.6
       D:13 |   11201 |    1039 |   8.5 |      46 |       1 |   2.1
       D:14 |    4776 |    7142 |  59.9 |      11 |      10 |  47.6
     Lair:1 |    3708 |       0 |   0.0 |      15 |       0 |   0.0
     Lair:2 |    3450 |    1343 |  28.0 |      24 |       4 |  14.3
     Lair:3 |    4514 |     492 |   9.8 |      14 |       4 |  22.2
     Lair:4 |    5036 |     427 |   7.8 |      16 |       2 |  11.1
     Lair:5 |    1607 |    1093 |  40.5 |       9 |       1 |  10.0
     Lair:6 |    5847 |   19350 |  76.8 |      22 |      34 |  60.7
   Shoals:1 |    7306 |    7527 |  50.7 |      19 |      10 |  34.5
   Shoals:2 |    7445 |    7952 |  51.6 |      17 |       7 |  29.2
      Orc:1 |    6537 |    7948 |  54.9 |      42 |      14 |  25.0
      Orc:2 |     842 |    8097 |  90.6 |      20 |      25 |  55.6
            +---------+---------+-------+---------+---------+-------
